Map: Dusk Towers

Players

Miszu

  • Race: Terran Terran
  • League: Master

A.I. 1 (Very Easy)

  • Race: Protoss Protoss

VOD

Have the link to the VOD?

Description

Time

  • Played on: Feb. 4, 2016, 6:09 p.m.
  • Length: 35:03
Show
View Real Time Build Order
Export as new Build Order

Miszu Terran 

Build Orders: Reaper Expand, MMM Bio 

Get SALT Encoding   

  12  0:00  Orbital Command  
    0:12  SCV x12  
    0:24  SCV  
  13  0:36  SCV  
  13  0:41  Supply Depot  
  14  0:48  SCV  
  15  1:03  SCV  
  16  1:04  Barracks  
  16  1:10  Refinery  
  16  1:15  SCV  
  17  1:27  SCV  
  18  1:42  SCV  
  19  1:54  Orbital Command  
  19  1:55  Reaper  
  20  2:02  Command Center  
  20  2:20  SCV  
  21  2:25  Barracks  
  21  2:32  SCV  
  21  2:34  Barracks Reactor, Refinery  
  22  2:41  Supply Depot  
  22  2:44  SCV  
  23  3:02  SCV  
  24  3:05  Factory  
  24  3:10  Marine  
  24  3:11  Marine  
  26  3:13  Barracks Tech Lab  
  26  3:14  SCV, Orbital Command  
  27  3:23  Barracks  
  27  3:27  SCV  
  28  3:33  Marine  
  29  3:36  Stimpack  
  29  3:39  SCV  
  29  3:40  SCV  
  31  3:41  Marine x2  
  33  3:50  Starport  
  33  3:51  SCV  
  33  3:52  Factory Tech Lab  
  34  3:56  SCV  
  34  3:58  Marine  
  34  3:59  Protoss Air Weapons Level 3, Zerg Missile Weapons Level 3, Protoss Shields Level 3, Terran Infantry Weapons Level 3, Zerg Flyer Armor Level 3, Zerg Ground Armor Level 3, Terran Infantry Armor Level 3, Zerg Melee Weapons Level 3, Terran Ship Armor Level 3, Zerg Flyer Weapons Level 3, Protoss Air Armor Level 3, Protoss Ground Armor Level 3, Terran Ship Weapons Level 3, Protoss Ground Weapons Level 3, Terran Vehicle Weapons Level 3, Terran Vehicle Armor Level 3  
  36  4:03  SCV  
  36  4:04  Refinery  
  36  4:08  SCV  
  38  4:15  SCV  
  38  4:16  Marine x3  
  38  4:17  Marine  
  42  4:18  Supply Depot  
  42  4:20  Zerg Flyer Armor Level 2, SCV, Zerg Melee Weapons Level 2, Terran Vehicle Armor Level 2, Protoss Ground Weapons Level 2, Zerg Ground Armor Level 2, Terran Vehicle Weapons Level 2, Protoss Shields Level 2, Terran Infantry Armor Level 2, Protoss Air Armor Level 2, Zerg Missile Weapons Level 2, Protoss Ground Armor Level 2, Terran Ship Armor Level 2, Terran Infantry Weapons Level 2, Zerg Flyer Weapons Level 2, Protoss Air Weapons Level 2, Terran Ship Weapons Level 2  
  44  4:25  Supply Depot  
  44  4:29  SCV  
  45  4:35  Blink, Stimpack  
  45  4:38  Marine  
  45  4:40  Supply Depot, Medivac, Siege Tank  
  45  4:41  SCV x2  
  45  4:42  Terran Ship Armor Level 1, Terran Infantry Armor Level 1, Zerg Melee Weapons Level 1, Zerg Flyer Armor Level 1, Protoss Ground Armor Level 1, Terran Infantry Weapons Level 1, Zerg Ground Armor Level 1, Protoss Ground Weapons Level 1, Protoss Air Armor Level 1, Protoss Shields Level 1, Terran Vehicle Armor Level 1, Warp Gate, Zerg Missile Weapons Level 1, Protoss Air Weapons Level 1, Zerg Flyer Weapons Level 1, Terran Vehicle Weapons Level 1, Terran Ship Weapons Level 1  
  45  4:43  Marine  
  54  4:47  Marine x2  
  56  4:53  SCV  
  56  4:56  Charge, Marine, Extended Thermal Lance, SCV, Building Armor  
  59  5:01  Marine  
  59  5:02  Supply Depot  
  59  5:03  Adrenal Glands, Ventral Sacs  
  59  5:04  Marine  
  59  5:06  SCV  
  62  5:08  SCV  
  62  5:09  Enduring Locusts  
  62  5:10  Personal Cloaking  
  62  5:12  Siege Tank  
  62  5:13  Starport Tech Lab  
  66  5:15  Medivac  
  66  5:16  Psionic Storm  
  66  5:17  Cloaking Field, Combat Shields, Tunneling Claws, Centrifical Hooks, Metabolic Boost, Neural Parasite, Neosteel Frame, Corvid Reactor, Glial Reconstitution, Durable Materials, Infernal Pre-Igniter, Chitinous Plating  
  66  5:18  Supply Depot  
  66  5:20  SCV  
  66  5:21  Marine  
  70  5:24  Marine  
  70  5:25  Supply Depot, Burrow, Muscular Augments x2  
  70  5:27  Marine  
  72  5:33  Marine  
  73  5:38  SCV  
  73  5:39  Pathogen Glands, Behemoth Reactor, Observer Gravitic Boosters, Refinery, Hi-Sec Auto Tracking, Moebius Reactor, Caduceus Reactor, Graviton Catapult, Gravitic Drive  
  73  5:40  Supply Depot  
  73  5:42  Marine  
  75  5:43  Marine  
  75  5:45  Medivac  
  78  5:51  Marine x2  
  78  5:53  Weapon Refit, Pneumatized Carapace, Concussive Shells  
  80  5:59  Marine  
  80  6:00  Marine  
  80  6:01  SCV  
  80  6:02  Supply Depot, SCV  
  84  6:06  Supply Depot  
  84  6:08  Marine  
  84  6:09  Marine  
  86  6:13  SCV  
  86  6:14  SCV  
  95  6:26  Supply Depot, Orbital Command  
  97  6:36  Unknown x5  
  97  6:39  SCV x12  
    6:52  SCV  
  13  7:04  SCV  
  14  7:09  Supply Depot  
  14  7:16  SCV  
  15  7:31  SCV  
  15  7:33  Barracks  
  15  7:36  Refinery  
  16  7:43  SCV  
  17  7:55  SCV  
  18  8:09  SCV  
  19  8:21  Orbital Command  
  19  8:22  Barracks Reactor  
  19  8:24  Reaper  
  20  8:32  Command Center  
  20  8:37  Refinery  
  20  8:46  Supply Depot  
  20  8:48  SCV  
  21  8:58  Barracks Reactor  
  21  9:01  SCV  
  22  9:08  Barracks  
  22  9:13  SCV  
  23  9:18  Factory  
  23  9:26  SCV  
  24  9:33  Marine x2  
  26  9:42  SCV  
  27  9:51  Marine x2  
  29  9:55  SCV  
  31  10:00  Barracks Tech Lab  
  31  10:02  Orbital Command  
  31  10:06  Starport  
  30  10:07  SCV  
  30  10:08  Factory Tech Lab  
  30  10:12  Marine x2  
  33  10:19  Stimpack  
  33  10:21  Marine  
  33  10:23  SCV  
  33  10:24  Protoss Air Weapons Level 3, Zerg Missile Weapons Level 3, Protoss Shields Level 3, Terran Infantry Weapons Level 3, Zerg Flyer Armor Level 3, Zerg Ground Armor Level 3, Terran Infantry Armor Level 3, Zerg Melee Weapons Level 3, Terran Ship Armor Level 3, Zerg Flyer Weapons Level 3, Protoss Air Armor Level 3, Protoss Ground Armor Level 3, Terran Ship Weapons Level 3, Protoss Ground Weapons Level 3, Terran Vehicle Weapons Level 3, Terran Vehicle Armor Level 3  
  33  10:27  SCV  
  36  10:30  Marine  
  36  10:35  SCV  
  38  10:38  Siege Tank  
  38  10:39  SCV  
  42  10:44  Marine x2  
  42  10:45  Zerg Flyer Armor Level 2, Zerg Melee Weapons Level 2, Terran Vehicle Armor Level 2, Protoss Ground Weapons Level 2, Zerg Ground Armor Level 2, Terran Vehicle Weapons Level 2, Protoss Shields Level 2, Terran Infantry Armor Level 2, Protoss Air Armor Level 2, Zerg Missile Weapons Level 2, Protoss Ground Armor Level 2, Terran Ship Armor Level 2, Terran Infantry Weapons Level 2, Zerg Flyer Weapons Level 2, Protoss Air Weapons Level 2, Terran Ship Weapons Level 2  
  42  10:48  Medivac  
  42  10:49  SCV  
  46  10:54  Supply Depot  
  46  10:59  SCV  
  46  11:00  Refinery, Blink, Stimpack  
  46  11:01  SCV  
  46  11:03  Engineering Bay  
  48  11:05  Marine  
  48  11:06  Marine  
  48  11:07  Terran Ship Armor Level 1, Terran Infantry Armor Level 1, Zerg Melee Weapons Level 1, Zerg Flyer Armor Level 1, Protoss Ground Armor Level 1, Terran Infantry Weapons Level 1, Zerg Ground Armor Level 1, Protoss Ground Weapons Level 1, Protoss Air Armor Level 1, Marine, Protoss Shields Level 1, Terran Vehicle Armor Level 1, Warp Gate, Zerg Missile Weapons Level 1, Protoss Air Weapons Level 1, Zerg Flyer Weapons Level 1, Terran Vehicle Weapons Level 1, Terran Ship Weapons Level 1  
  51  11:11  SCV  
  51  11:16  Siege Tank  
  55  11:18  SCV  
  55  11:21  Charge, Extended Thermal Lance, Building Armor  
  55  11:22  Supply Depot  
  55  11:23  Marine  
  55  11:25  SCV  
  58  11:28  Adrenal Glands, Ventral Sacs  
  58  11:30  SCV  
  58  11:32  Marine, Medivac  
  61  11:34  Enduring Locusts  
  61  11:35  Personal Cloaking  
  62  11:41  Psionic Storm  
  62  11:42  Cloaking Field, Combat Shields, Tunneling Claws, Centrifical Hooks, Metabolic Boost, Neural Parasite, Neosteel Frame, Corvid Reactor, Glial Reconstitution, Durable Materials, Infernal Pre-Igniter, Chitinous Plating  
  62  11:44  Marine, SCV  
  62  11:45  Supply Depot  
  62  11:46  SCV  
  65  11:47  Marine  
  65  11:50  Burrow, Muscular Augments x2  
  65  11:53  Siege Tank  
  69  11:57  SCV  
  70  12:04  Pathogen Glands, Behemoth Reactor, Observer Gravitic Boosters, Hi-Sec Auto Tracking, Moebius Reactor, Caduceus Reactor, Graviton Catapult, Gravitic Drive  
  70  12:07  Marine, SCV  
  72  12:12  Marine  
  72  12:13  Medivac  
  72  12:14  Marine  
  76  12:18  Weapon Refit, Pneumatized Carapace, SCV, Concussive Shells  
  76  12:22  Command Center  
  77  12:23  Refinery  
  77  12:24  Supply Depot  
  77  12:25  Marine  
  78  12:55  Orbital Command  
  83  13:01  Unknown x5  
    13:08  SCV x12  
    13:21  SCV  
  13  13:33  SCV  
  14  13:38  Supply Depot  
  14  13:45  SCV  
  15  13:59  SCV  
  16  14:11  SCV  
  17  14:20  Command Center  
  17  14:23  SCV  
  18  14:35  Refinery  
  18  14:36  SCV  
  19  14:42  Barracks  
  19  14:48  SCV  
  20  15:00  SCV  
  21  15:12  SCV  
  22  15:15  Barracks  
  22  15:16  Refinery  
  22  15:24  SCV  
  23  15:31  Marine  
  23  15:33  Orbital Command  
  24  15:41  Factory  
  25  15:47  Orbital Command  
  25  15:49  Marine  
  25  15:59  SCV  
  26  16:05  Barracks Tech Lab  
  26  16:07  Marine  
  26  16:11  SCV  
  28  16:16  SCV  
  29  16:20  Barracks  
  29  16:23  SCV  
  29  16:25  Stimpack  
  30  16:26  Barracks Reactor  
  30  16:28  SCV  
  31  16:33  Starport  
  31  16:35  SCV  
  31  16:38  Factory Tech Lab  
  32  16:40  Marine, SCV  
  34  16:47  SCV  
  34  16:48  Supply Depot  
  34  16:52  SCV  
  36  16:54  Supply Depot  
  36  16:58  Marine  
  36  16:59  Refinery, SCV  
  38  17:09  Marine x3, SCV  
  38  17:13  SCV  
  38  17:14  Medivac  
  45  17:18  Siege Tank  
  48  17:23  SCV  
  48  17:25  SCV  
  48  17:26  Supply Depot  
  48  17:29  Engineering Bay  
  50  17:33  Supply Depot  
  50  17:35  SCV  
  50  17:36  Marine  
  52  17:37  SCV  
  52  17:38  Marine  
  54  17:48  Marine x2  
  54  17:50  Siege Tank  
  59  17:54  Marine  
  59  17:55  Medivac  
  62  17:59  Protoss Air Weapons Level 3, Zerg Missile Weapons Level 3, Protoss Shields Level 3, Terran Infantry Weapons Level 3, Zerg Flyer Armor Level 3, Zerg Ground Armor Level 3, Terran Infantry Armor Level 3, Zerg Melee Weapons Level 3, Terran Ship Armor Level 3, Zerg Flyer Weapons Level 3, Protoss Air Armor Level 3, Protoss Ground Armor Level 3, Terran Ship Weapons Level 3, Protoss Ground Weapons Level 3, Terran Vehicle Weapons Level 3, Terran Vehicle Armor Level 3  
  62  18:01  Supply Depot  
  62  18:03  Terran Infantry Weapons Level 1  
  62  18:05  Supply Depot, SCV  
  63  18:06  Marauder  
  63  18:07  SCV  
  63  18:08  Marine  
  63  18:09  Marine  
  68  18:14  Supply Depot  
  68  18:17  Marine  
  68  18:18  Refinery  
  69  18:20  Zerg Flyer Armor Level 2, Zerg Melee Weapons Level 2, Terran Vehicle Armor Level 2, Protoss Ground Weapons Level 2, Zerg Ground Armor Level 2, Terran Vehicle Weapons Level 2, Protoss Shields Level 2, Terran Infantry Armor Level 2, Protoss Air Armor Level 2, Zerg Missile Weapons Level 2, Protoss Ground Armor Level 2, Terran Ship Armor Level 2, Terran Infantry Weapons Level 2, Zerg Flyer Weapons Level 2, Protoss Air Weapons Level 2, Terran Ship Weapons Level 2  
  69  18:23  Siege Tank  
  69  18:26  Marine  
  73  18:28  Supply Depot  
  73  18:29  Marine  
  73  18:32  Marine  
  75  18:35  Blink, Stimpack  
  75  18:39  SCV x2  
  77  18:41  Marine  
  77  18:42  Terran Ship Armor Level 1, Terran Infantry Armor Level 1, Zerg Melee Weapons Level 1, Zerg Flyer Armor Level 1, Protoss Ground Armor Level 1, Terran Infantry Weapons Level 1, Zerg Ground Armor Level 1, Protoss Ground Weapons Level 1, Protoss Air Armor Level 1, Protoss Shields Level 1, Terran Vehicle Armor Level 1, Warp Gate, Zerg Missile Weapons Level 1, Protoss Air Weapons Level 1, Zerg Flyer Weapons Level 1, Terran Vehicle Weapons Level 1, Terran Ship Weapons Level 1  
  78  18:49  Marine  
  78  18:50  Supply Depot, Marine x2  
  78  18:51  SCV  
  78  18:52  Medivac  
  84  18:56  Charge, Extended Thermal Lance, Building Armor  
  84  18:59  Marine  
  85  19:03  Adrenal Glands, Siege Tank, Ventral Sacs  
  85  19:07  Marine  
  85  19:09  Enduring Locusts  
  89  19:10  Personal Cloaking, Marine  
  89  19:16  Psionic Storm  
  89  19:17  Cloaking Field, Combat Shields, Tunneling Claws, Centrifical Hooks, Metabolic Boost, Neural Parasite, Neosteel Frame, Corvid Reactor, Glial Reconstitution, Durable Materials, Infernal Pre-Igniter, Chitinous Plating  
  90  19:23  Marine  
  91  19:24  Marine  
  91  19:25  Burrow, Marine, Muscular Augments x2  
  91  19:26  Medivac  
  91  19:27  SCV  
  91  19:28  Marine, SCV  
  91  19:30  Command Center  
  98  19:35  Supply Depot, Siege Tank  
  98  19:36  Supply Depot  
  101  19:39  Pathogen Glands, Behemoth Reactor, SCV, Observer Gravitic Boosters, Hi-Sec Auto Tracking, Moebius Reactor, Caduceus Reactor, Graviton Catapult, Gravitic Drive  
  101  19:40  SCV  
  101  19:41  Marine  
  104  19:51  Marine x2  
  104  19:52  Marine  
  107  19:53  Weapon Refit, Pneumatized Carapace, Concussive Shells  
  107  19:56  Medivac  
  107  19:57  SCV x2  
  107  19:59  Marine  
  112  20:01  Barracks  
  112  20:02  Barracks  
  112  20:09  Marine  
  112  20:13  Marine  
  114  20:25  Orbital Command  
  114  20:36  Unknown x5  
  114  20:38  SCV x12  
    20:50  SCV  
  13  21:03  SCV  
  14  21:10  Supply Depot  
  14  21:15  SCV  
  15  21:32  SCV  
  16  21:34  Barracks  
  16  21:35  Refinery  
  16  21:44  SCV  
  17  21:56  SCV  
  18  22:08  SCV  
  19  22:20  Orbital Command  
  19  22:22  Reaper  
  20  22:30  Command Center  
  20  22:39  Supply Depot  
  20  22:46  SCV  
  21  22:55  Refinery  
  21  22:58  SCV  
  21  23:00  Barracks Reactor  
  21  23:04  Barracks  
  22  23:11  SCV  
  23  23:17  Factory  
  23  23:23  SCV  
  24  23:31  Barracks  
  24  23:35  SCV  
  24  23:40  Marine  
  24  23:41  Marine  
  27  23:47  Orbital Command  
  27  23:48  SCV  
  28  23:51  Barracks Tech Lab  
  28  24:00  SCV  
  29  24:05  Starport  
  29  24:11  Stimpack  
  29  24:12  SCV  
  29  24:14  SCV  
  29  24:15  Marine  
  32  24:17  Marine  
  32  24:21  Factory Tech Lab  
  33  24:25  SCV  
  33  24:26  SCV  
  35  24:31  Marine  
  35  24:35  Marine  
  35  24:37  SCV  
  35  24:38  SCV  
  40  24:46  Siege Tank  
  40  24:47  Medivac  
  40  24:49  SCV  
  46  24:54  Supply Depot, SCV  
  46  24:58  Refinery  
  46  25:00  Engineering Bay  
  46  25:01  SCV  
  46  25:05  Supply Depot  
  46  25:06  Marine, SCV  
  46  25:07  Marine  
  49  25:10  Marine  
  49  25:12  Marine  
  49  25:13  SCV  
  53  25:19  Siege Tank  
  56  25:26  Marine, Medivac  
  56  25:27  Marine  
  56  25:28  SCV  
  61  25:30  SCV  
  61  25:33  Supply Depot, Protoss Air Weapons Level 3, Zerg Missile Weapons Level 3, Protoss Shields Level 3, Terran Infantry Weapons Level 3, Zerg Flyer Armor Level 3, Zerg Ground Armor Level 3, Terran Infantry Armor Level 3, Zerg Melee Weapons Level 3, Terran Ship Armor Level 3, Zerg Flyer Weapons Level 3, Protoss Air Armor Level 3, Protoss Ground Armor Level 3, Terran Ship Weapons Level 3, Protoss Ground Weapons Level 3, Terran Vehicle Weapons Level 3, Terran Vehicle Armor Level 3  
  62  25:38  Supply Depot  
  62  25:40  Terran Infantry Weapons Level 1  
  62  25:41  SCV  
  63  25:43  SCV  
  63  25:45  Marine  
  63  25:46  Marine  
  63  25:48  Marine  
  67  25:50  Marine  
  67  25:54  Zerg Flyer Armor Level 2, Zerg Melee Weapons Level 2, Terran Vehicle Armor Level 2, Protoss Ground Weapons Level 2, Zerg Ground Armor Level 2, Terran Vehicle Weapons Level 2, Protoss Shields Level 2, Terran Infantry Armor Level 2, Protoss Air Armor Level 2, Zerg Missile Weapons Level 2, Protoss Ground Armor Level 2, Terran Ship Armor Level 2, Terran Infantry Weapons Level 2, Zerg Flyer Weapons Level 2, Protoss Air Weapons Level 2, Terran Ship Weapons Level 2  
  68  26:06  Marine  
  68  26:07  Marine x2  
  68  26:08  Marine, Siege Tank  
  68  26:09  Blink, Stimpack  
  75  26:11  Medivac  
  75  26:16  Terran Ship Armor Level 1, Terran Infantry Armor Level 1, Zerg Melee Weapons Level 1, Zerg Flyer Armor Level 1, Protoss Ground Armor Level 1, Terran Infantry Weapons Level 1, Zerg Ground Armor Level 1, Protoss Ground Weapons Level 1, Protoss Air Armor Level 1, Protoss Shields Level 1, Terran Vehicle Armor Level 1, Warp Gate, Zerg Missile Weapons Level 1, Protoss Air Weapons Level 1, Zerg Flyer Weapons Level 1, Terran Vehicle Weapons Level 1, Terran Ship Weapons Level 1  
  77  26:19  Combat Shields  
  77  26:22  SCV x2  
  77  26:24  Marine x2  
  77  26:25  Supply Depot, Marine  
  82  26:26  Supply Depot, Marine  
  82  26:30  Charge, Extended Thermal Lance, Building Armor  
  83  26:35  SCV x2  
  83  26:37  Adrenal Glands, Ventral Sacs  
  85  26:42  Marine  
  85  26:43  Enduring Locusts  
  85  26:44  Personal Cloaking  
  85  26:46  Marine x2, Siege Tank  
  91  26:50  Psionic Storm  
  91  26:51  Cloaking Field, Combat Shields, Command Center, Tunneling Claws, Centrifical Hooks, Metabolic Boost, Neural Parasite, Neosteel Frame, Corvid Reactor, Glial Reconstitution, Durable Materials, Infernal Pre-Igniter, Chitinous Plating  
  91  26:52  SCV  
  91  26:53  SCV  
  93  26:55  Supply Depot, Marine  
  93  26:59  Burrow, Muscular Augments x2  
  93  27:00  Marine  
  95  27:08  Marine  
  95  27:10  Marine  
  95  27:11  Medivac  
  95  27:13  Pathogen Glands, Behemoth Reactor, Observer Gravitic Boosters, Hi-Sec Auto Tracking, Moebius Reactor, Caduceus Reactor, Graviton Catapult, Gravitic Drive  
  95  27:14  SCV  
  95  27:15  SCV  
  101  27:18  Refinery, Siege Tank  
  101  27:19  Supply Depot  
  104  27:27  Weapon Refit, Pneumatized Carapace, Concussive Shells  
  104  27:28  SCV x2  
  106  27:33  Supply Depot  
  106  27:40  SCV x2  
  106  27:41  Supply Depot  
  108  27:52  SCV  
  109  27:59  Orbital Command  
  108  28:10  Unknown x5  
    28:12  SCV x12  
    28:25  SCV  
  13  28:37  SCV  
  14  28:42  Supply Depot  
  14  28:49  SCV  
  15  29:04  SCV  
  15  29:06  Barracks  
  15  29:09  Refinery  
  16  29:16  SCV  
  17  29:28  SCV  
  18  29:42  SCV  
  19  29:54  Orbital Command  
  19  29:55  Barracks Reactor  
  19  29:56  Reaper  
  20  30:06  Command Center  
  20  30:17  Supply Depot  
  20  30:20  SCV  
  21  30:27  Refinery  
  21  30:29  Barracks Reactor  
  21  30:32  SCV  
  22  30:42  Barracks  
  22  30:46  SCV  
  23  30:55  Factory  
  23  30:58  SCV  
  23  31:02  Barracks  
  24  31:07  Marine  
  24  31:08  Marine  
  26  31:13  SCV  
  28  31:22  Orbital Command  
  27  31:25  SCV  
  28  31:34  Marine  
  28  31:37  SCV  
  28  31:38  Barracks Tech Lab  
  30  31:44  Starport  
  30  31:47  SCV  
  30  31:48  Marine  
  30  31:50  Marine  
  33  31:55  Factory Tech Lab  
  33  31:56  SCV  
  33  32:00  Stimpack  
  34  32:01  SCV  
  34  32:04  Marine  
  34  32:06  Marine  
  34  32:08  SCV  
  38  32:14  SCV  
  39  32:19  Supply Depot  
  39  32:20  Refinery, SCV  
  40  32:24  Siege Tank  
  40  32:25  Medivac  
  40  32:28  SCV  
  46  32:31  Supply Depot  
  46  32:40  Marine x3, SCV  
  46  32:43  Engineering Bay  
  50  32:46  SCV  
  50  32:48  Marine  
  52  32:52  SCV  
  52  32:54  Supply Depot  
  52  32:58  Marine, SCV  
  54  33:01  Siege Tank  
  54  33:04  Medivac  
  60  33:08  SCV  
  60  33:11  Marine  
  62  33:15  Marine  
  62  33:16  SCV  
  62  33:17  Supply Depot  
  64  33:21  Marine  
  64  33:22  Marine  
  64  33:23  SCV  
  67  33:28  Marine, SCV  
  69  33:35  SCV  
  69  33:40  Marine x2  
  69  33:41  Marine, Siege Tank  
  73  33:44  Medivac  
  78  33:52  Supply Depot  
  78  34:01  Refinery  
  78  34:03  Supply Depot  
  78  34:14  Marine x4, SCV x2  
  84  34:20  Supply Depot  
  84  34:25  Siege Tank  
  84  34:26  Medivac, SCV  
  84  34:30  Command Center  
  90  34:31  Marine x4  
Show
View Real Time Build Order
Export as new Build Order

A.I. 1 (Very Easy) Protoss 

Build Orders:  

Get SALT Encoding   

    0:13  Probe x12 (Chrono Boost)  
    0:24  Unknown  
    0:25  Probe (Chrono Boost)  
  13  0:35  Probe (Chrono Boost)  
  14  0:46  Probe (Chrono Boost)  
  14  0:48  Pylon  
  15  1:06  Probe (Chrono Boost)  
  16  1:17  Probe (Chrono Boost)  
  17  1:27  Probe (Chrono Boost)  
  17  1:28  Nexus  
  18  1:36  Gateway  
  18  1:41  Assimilator  
  18  1:48  Pylon  
  18  2:10  Assimilator  
  18  2:24  Zealot  
  18  2:25  Cybernetics Core  
  18  2:28  Probe (Chrono Boost)  
  21  2:40  Probe (Chrono Boost)  
  22  2:47  Warp Gate  
  22  3:29  Stalker  
  24  3:59  Protoss Air Weapons Level 3, Zerg Missile Weapons Level 3, Protoss Shields Level 3, Terran Infantry Weapons Level 3, Zerg Flyer Armor Level 3, Zerg Ground Armor Level 3, Terran Infantry Armor Level 3, Zerg Melee Weapons Level 3, Terran Ship Armor Level 3, Zerg Flyer Weapons Level 3, Protoss Air Armor Level 3, Protoss Ground Armor Level 3, Terran Ship Weapons Level 3, Protoss Ground Weapons Level 3, Terran Vehicle Weapons Level 3, Terran Vehicle Armor Level 3  
  24  4:20  Zerg Flyer Armor Level 2, Zerg Melee Weapons Level 2, Terran Vehicle Armor Level 2, Protoss Ground Weapons Level 2, Zerg Ground Armor Level 2, Terran Vehicle Weapons Level 2, Protoss Shields Level 2, Terran Infantry Armor Level 2, Protoss Air Armor Level 2, Zerg Missile Weapons Level 2, Protoss Ground Armor Level 2, Terran Ship Armor Level 2, Terran Infantry Weapons Level 2, Zerg Flyer Weapons Level 2, Protoss Air Weapons Level 2, Terran Ship Weapons Level 2  
  24  4:35  Blink, Stimpack  
  24  4:42  Terran Ship Armor Level 1, Terran Infantry Armor Level 1, Zerg Melee Weapons Level 1, Zerg Flyer Armor Level 1, Protoss Ground Armor Level 1, Terran Infantry Weapons Level 1, Zerg Ground Armor Level 1, Protoss Ground Weapons Level 1, Protoss Air Armor Level 1, Protoss Shields Level 1, Terran Vehicle Armor Level 1, Warp Gate, Zerg Missile Weapons Level 1, Protoss Air Weapons Level 1, Zerg Flyer Weapons Level 1, Terran Vehicle Weapons Level 1, Terran Ship Weapons Level 1  
  24  4:56  Charge, Extended Thermal Lance, Building Armor  
  24  5:03  Adrenal Glands, Ventral Sacs  
  24  5:09  Enduring Locusts  
  24  5:10  Personal Cloaking  
  24  5:16  Psionic Storm  
  24  5:17  Cloaking Field, Combat Shields, Tunneling Claws, Centrifical Hooks, Metabolic Boost, Neural Parasite, Neosteel Frame, Corvid Reactor, Glial Reconstitution, Durable Materials, Infernal Pre-Igniter, Chitinous Plating  
  24  5:25  Burrow, Muscular Augments x2  
  24  5:39  Pathogen Glands, Behemoth Reactor, Observer Gravitic Boosters, Hi-Sec Auto Tracking, Moebius Reactor, Caduceus Reactor, Graviton Catapult, Gravitic Drive  
  24  5:53  Weapon Refit, Pneumatized Carapace, Concussive Shells  
  24  6:36  Unknown x5  
    6:41  Probe x12 (Chrono Boost)  
    6:51  Unknown  
    6:53  Probe (Chrono Boost)  
  13  7:04  Probe (Chrono Boost)  
  14  7:12  Pylon  
  14  7:14  Probe (Chrono Boost)  
  15  7:30  Probe (Chrono Boost)  
  16  7:40  Probe (Chrono Boost)  
  18  7:51  Probe (Chrono Boost)  
  18  8:01  Nexus  
  18  8:03  Assimilator  
  18  8:12  Pylon  
  18  8:17  Pylon  
  18  8:19  Probe (Chrono Boost)  
  19  8:30  Probe (Chrono Boost)  
  19  8:31  Assimilator  
  20  8:40  Probe (Chrono Boost)  
  21  8:48  Gateway  
  21  8:51  Probe (Chrono Boost)  
  21  9:12  Probe (Chrono Boost)  
  22  9:19  Probe (Chrono Boost)  
  23  9:26  Probe (Chrono Boost)  
  24  9:34  Zealot, Probe (Chrono Boost)  
  27  9:41  Probe (Chrono Boost)  
  27  9:49  Probe (Chrono Boost)  
  27  9:51  Cybernetics Core  
  26  9:55  Probe (Chrono Boost)  
  26  10:03  Probe (Chrono Boost)  
  27  10:10  Probe (Chrono Boost)  
  28  10:18  Warp Gate  
  28  10:24  Protoss Air Weapons Level 3, Zerg Missile Weapons Level 3, Protoss Shields Level 3, Terran Infantry Weapons Level 3, Zerg Flyer Armor Level 3, Zerg Ground Armor Level 3, Terran Infantry Armor Level 3, Zerg Melee Weapons Level 3, Terran Ship Armor Level 3, Zerg Flyer Weapons Level 3, Protoss Air Armor Level 3, Protoss Ground Armor Level 3, Terran Ship Weapons Level 3, Protoss Ground Weapons Level 3, Terran Vehicle Weapons Level 3, Terran Vehicle Armor Level 3  
  28  10:30  Adept  
  28  10:32  Robotics Facility  
  30  10:45  Zerg Flyer Armor Level 2, Zerg Melee Weapons Level 2, Terran Vehicle Armor Level 2, Protoss Ground Weapons Level 2, Zerg Ground Armor Level 2, Terran Vehicle Weapons Level 2, Protoss Shields Level 2, Terran Infantry Armor Level 2, Protoss Air Armor Level 2, Zerg Missile Weapons Level 2, Protoss Ground Armor Level 2, Terran Ship Armor Level 2, Terran Infantry Weapons Level 2, Zerg Flyer Weapons Level 2, Protoss Air Weapons Level 2, Terran Ship Weapons Level 2  
  30  11:00  Blink, Stimpack  
  30  11:07  Terran Ship Armor Level 1, Terran Infantry Armor Level 1, Zerg Melee Weapons Level 1, Zerg Flyer Armor Level 1, Protoss Ground Armor Level 1, Terran Infantry Weapons Level 1, Zerg Ground Armor Level 1, Protoss Ground Weapons Level 1, Protoss Air Armor Level 1, Protoss Shields Level 1, Terran Vehicle Armor Level 1, Warp Gate, Zerg Missile Weapons Level 1, Protoss Air Weapons Level 1, Zerg Flyer Weapons Level 1, Terran Vehicle Weapons Level 1, Terran Ship Weapons Level 1  
  30  11:17  Observer  
  30  11:21  Charge, Extended Thermal Lance, Building Armor  
  30  11:24  Stalker  
  31  11:28  Adrenal Glands, Ventral Sacs  
  33  11:34  Enduring Locusts  
  33  11:35  Personal Cloaking  
  33  11:36  Observer  
  34  11:41  Psionic Storm  
  34  11:42  Cloaking Field, Combat Shields, Tunneling Claws, Centrifical Hooks, Metabolic Boost, Neural Parasite, Neosteel Frame, Corvid Reactor, Glial Reconstitution, Durable Materials, Infernal Pre-Igniter, Chitinous Plating  
  34  11:50  Burrow, Muscular Augments x2  
  34  12:04  Pathogen Glands, Behemoth Reactor, Observer Gravitic Boosters, Hi-Sec Auto Tracking, Moebius Reactor, Caduceus Reactor, Graviton Catapult, Gravitic Drive  
  34  12:18  Weapon Refit, Pneumatized Carapace, Concussive Shells  
  34  12:42  Zealot  
  34  12:43  Gateway  
  38  12:46  Robotics Bay  
  38  12:47  Stargate  
  32  13:01  Unknown x5  
    13:10  Probe x12 (Chrono Boost)  
    13:20  Unknown  
    13:22  Probe (Chrono Boost)  
  13  13:39  Pylon  
  13  14:13  Nexus  
  13  14:30  Gateway  
  13  15:01  Nexus  
  13  15:22  Cybernetics Core  
  13  15:32  Assimilator  
  13  15:37  Pylon  
  13  15:40  Pylon  
  13  15:41  Probe (Chrono Boost)  
  14  15:48  Probe (Chrono Boost)  
  15  15:55  Probe (Chrono Boost)  
  16  16:02  Probe (Chrono Boost)  
  16  16:03  Assimilator  
  16  16:09  Probe (Chrono Boost)  
  17  16:17  Probe (Chrono Boost)  
  18  16:24  Probe (Chrono Boost)  
  19  16:31  Probe (Chrono Boost)  
  20  16:38  Gateway  
  20  16:59  Robotics Facility  
  20  17:15  Stargate  
  20  17:33  Gateway  
  20  17:43  Stalker  
  20  17:46  Observer  
  23  17:59  Protoss Air Weapons Level 3, Zerg Missile Weapons Level 3, Protoss Shields Level 3, Terran Infantry Weapons Level 3, Zerg Flyer Armor Level 3, Zerg Ground Armor Level 3, Terran Infantry Armor Level 3, Zerg Melee Weapons Level 3, Terran Ship Armor Level 3, Zerg Flyer Weapons Level 3, Protoss Air Armor Level 3, Protoss Ground Armor Level 3, Terran Ship Weapons Level 3, Protoss Ground Weapons Level 3, Terran Vehicle Weapons Level 3, Terran Vehicle Armor Level 3  
  23  18:05  Observer  
  24  18:20  Zerg Flyer Armor Level 2, Zerg Melee Weapons Level 2, Terran Vehicle Armor Level 2, Protoss Ground Weapons Level 2, Zerg Ground Armor Level 2, Terran Vehicle Weapons Level 2, Protoss Shields Level 2, Terran Infantry Armor Level 2, Protoss Air Armor Level 2, Zerg Missile Weapons Level 2, Protoss Ground Armor Level 2, Terran Ship Armor Level 2, Terran Infantry Weapons Level 2, Zerg Flyer Weapons Level 2, Protoss Air Weapons Level 2, Terran Ship Weapons Level 2  
  24  18:21  Immortal  
  28  18:35  Blink, Stimpack  
  28  18:42  Terran Ship Armor Level 1, Terran Infantry Armor Level 1, Zerg Melee Weapons Level 1, Zerg Flyer Armor Level 1, Protoss Ground Armor Level 1, Terran Infantry Weapons Level 1, Zerg Ground Armor Level 1, Protoss Ground Weapons Level 1, Protoss Air Armor Level 1, Protoss Shields Level 1, Terran Vehicle Armor Level 1, Warp Gate, Zerg Missile Weapons Level 1, Protoss Air Weapons Level 1, Zerg Flyer Weapons Level 1, Terran Vehicle Weapons Level 1, Terran Ship Weapons Level 1  
  28  18:55  Warp Prism  
  28  18:56  Charge, Extended Thermal Lance, Building Armor  
  30  19:03  Adrenal Glands, Ventral Sacs  
  30  19:05  Stalker  
  30  19:09  Enduring Locusts  
  32  19:10  Personal Cloaking  
  32  19:16  Psionic Storm  
  32  19:17  Cloaking Field, Combat Shields, Tunneling Claws, Centrifical Hooks, Metabolic Boost, Neural Parasite, Neosteel Frame, Corvid Reactor, Glial Reconstitution, Durable Materials, Infernal Pre-Igniter, Chitinous Plating  
  32  19:25  Burrow, Muscular Augments x2  
  32  19:27  Warp Prism  
  30  19:33  Probe (Chrono Boost)  
  30  19:36  Stalker  
  28  19:39  Pathogen Glands, Behemoth Reactor, Observer Gravitic Boosters, Hi-Sec Auto Tracking, Moebius Reactor, Caduceus Reactor, Graviton Catapult, Gravitic Drive  
  23  19:48  Pylon, Probe (Chrono Boost)  
  22  19:53  Weapon Refit, Pneumatized Carapace, Concussive Shells  
  22  20:02  Pylon  
  21  20:16  Pylon  
  9  20:21  Probe (Chrono Boost)  
  7  20:36  Unknown x5  
  7  20:39  Probe x12 (Chrono Boost)  
    20:50  Unknown, Probe (Chrono Boost)  
  13  21:10  Pylon  
  13  21:41  Nexus  
  13  21:46  Assimilator  
  13  21:58  Pylon  
  13  22:09  Pylon  
  13  22:18  Assimilator  
  13  22:32  Probe (Chrono Boost)  
  13  22:36  Gateway  
  14  23:16  Probe (Chrono Boost)  
  15  23:26  Cybernetics Core, Probe (Chrono Boost)  
  16  23:33  Probe (Chrono Boost)  
  17  23:41  Probe (Chrono Boost)  
  18  23:50  Zealot  
  20  24:11  Probe (Chrono Boost)  
  21  24:18  Stalker, Probe (Chrono Boost)  
  24  24:34  Gateway  
  24  24:47  Zealot  
  24  24:54  Robotics Facility  
  24  25:12  Stargate  
  24  25:30  Gateway  
  24  25:33  Protoss Air Weapons Level 3, Zerg Missile Weapons Level 3, Protoss Shields Level 3, Terran Infantry Weapons Level 3, Zerg Flyer Armor Level 3, Zerg Ground Armor Level 3, Terran Infantry Armor Level 3, Zerg Melee Weapons Level 3, Terran Ship Armor Level 3, Zerg Flyer Weapons Level 3, Protoss Air Armor Level 3, Protoss Ground Armor Level 3, Terran Ship Weapons Level 3, Protoss Ground Weapons Level 3, Terran Vehicle Weapons Level 3, Terran Vehicle Armor Level 3  
  24  25:36  Probe (Chrono Boost)  
  24  25:40  Observer  
  25  25:45  Stalker  
  27  25:54  Zerg Flyer Armor Level 2, Zerg Melee Weapons Level 2, Terran Vehicle Armor Level 2, Protoss Ground Weapons Level 2, Zerg Ground Armor Level 2, Terran Vehicle Weapons Level 2, Protoss Shields Level 2, Terran Infantry Armor Level 2, Protoss Air Armor Level 2, Zerg Missile Weapons Level 2, Protoss Ground Armor Level 2, Terran Ship Armor Level 2, Terran Infantry Weapons Level 2, Zerg Flyer Weapons Level 2, Protoss Air Weapons Level 2, Terran Ship Weapons Level 2  
  26  25:59  Probe (Chrono Boost)  
  26  26:00  Observer  
  28  26:09  Blink, Stimpack  
  28  26:16  Terran Ship Armor Level 1, Terran Infantry Armor Level 1, Zerg Melee Weapons Level 1, Zerg Flyer Armor Level 1, Protoss Ground Armor Level 1, Warp Prism, Terran Infantry Weapons Level 1, Zerg Ground Armor Level 1, Protoss Ground Weapons Level 1, Protoss Air Armor Level 1, Protoss Shields Level 1, Terran Vehicle Armor Level 1, Warp Gate, Zerg Missile Weapons Level 1, Protoss Air Weapons Level 1, Zerg Flyer Weapons Level 1, Terran Vehicle Weapons Level 1, Terran Ship Weapons Level 1  
  30  26:30  Charge, Extended Thermal Lance, Building Armor  
  30  26:37  Adrenal Glands, Ventral Sacs  
  30  26:43  Enduring Locusts  
  30  26:44  Personal Cloaking  
  30  26:45  Zealot  
  32  26:50  Psionic Storm, Warp Prism  
  32  26:51  Cloaking Field, Combat Shields, Tunneling Claws, Centrifical Hooks, Metabolic Boost, Neural Parasite, Neosteel Frame, Corvid Reactor, Glial Reconstitution, Durable Materials, Infernal Pre-Igniter, Chitinous Plating  
  34  26:59  Burrow, Muscular Augments x2  
  34  27:00  Stalker  
  29  27:10  Pylon  
  29  27:13  Pathogen Glands, Behemoth Reactor, Observer Gravitic Boosters, Hi-Sec Auto Tracking, Moebius Reactor, Caduceus Reactor, Graviton Catapult, Gravitic Drive  
  27  27:27  Weapon Refit, Pneumatized Carapace, Concussive Shells  
  29  27:33  Pylon  
  27  27:42  Pylon  
  7  28:10  Unknown x5  
    28:14  Probe x12 (Chrono Boost)  
    28:24  Unknown  
    28:25  Probe (Chrono Boost)  
  13  28:35  Probe (Chrono Boost)  
  14  28:46  Probe (Chrono Boost)  
  15  29:00  Pylon  
  15  29:18  Probe (Chrono Boost)  
  16  29:25  Nexus  
  16  29:29  Probe (Chrono Boost)  
  17  29:33  Assimilator  
  17  29:42  Pylon  
  17  29:50  Pylon  
  17  29:58  Gateway  
  17  30:13  Assimilator  
  17  30:15  Probe (Chrono Boost)  
  18  30:26  Probe (Chrono Boost)  
  18  30:36  Probe (Chrono Boost)  
  18  30:39  Probe (Chrono Boost)  
  20  30:43  Zealot  
  20  30:49  Cybernetics Core  
  22  31:18  Probe (Chrono Boost)  
  22  31:22  Stalker  
  22  31:29  Robotics Facility  
  22  31:32  Gateway  
  24  31:50  Stargate  
  24  31:57  Zealot  
  26  32:11  Warp Prism  
  28  32:30  Gateway  
  28  32:45  Observer  
  29  32:58  Adept  
  31  33:05  Observer  
  31  33:09  Adept  
  34  33:24  Adept  
  34  33:25  Warp Prism  
  38  33:36  Stalker, Probe (Chrono Boost)  
  41  33:44  Probe (Chrono Boost)  
  42  33:49  Probe (Chrono Boost)  
  42  33:51  Sentry  
  45  33:58  Probe (Chrono Boost)  
  45  34:02  Observer  
  47  34:05  Probe (Chrono Boost)  
  47  34:07  Pylon  
  48  34:13  Probe (Chrono Boost)  
  49  34:26  Robotics Bay  
Tags
 
Composition
MMM Bio
League
Master
Matchup
PvT
Add a new tag
Caveats
  • Supply blocks, unpowered buildings, or Contaminate may cause inaccurate times.
  • Supply counts are checked every 10 seconds.